 Dungeon Crawl Stone Soup version 0.27-a0-1525-g1038ab4fd7 (webtiles) character file.

Game seed: 3417019099098768230

11244 mandarbmax the Summoner (level 11, -10/69 HPs)
             Began as a Tengu Summoner on July 10, 2021.
             Was an Initiate of Gozag.
             Killed from afar by a fire dragon (18 damage)
             ... with a blast of flame
             ... on level 11 of the Dungeon.
             The game lasted 01:00:03 (19816 turns).

mandarbmax the Summoner (Tengu Summoner)           Turns: 19816, Time: 01:00:03

Health: -10/69     AC:  7    Str:  8    XL:     11   Next: 74%
Magic:  8/28       EV: 24    Int: 19    God:    Gozag
Gold:   978        SH:  0    Dex: 15    Spells: 5/20 levels left

rFire    + + .     SeeInvis .   n - +1 spear (venom)
rCold    + . .     Faith    .   (no shield)
rNeg     . . .     Spirit   .   L - +2 robe {rF+}
rPois    .         Reflect  .   (helmet restricted)
rElec    .         Harm     .   a - scarf {rC+ rF+}
rCorr    .         Rampage  .   u - +2 pair of gloves
Will     .....                  (boots unavailable)
Stlth    ++........             (no amulet)
HPRegen  0.21/turn              h - ring of magical power
MPRegen  0.21/turn              i - +4 ring of evasion

@: gold aura, flying quickly and evasively, very slightly contaminated, quick
A: beak, talons 3, nimble flight
a: Renounce Religion, Potion Petition, Call Merchant, Bribe Branch


You were on level 11 of the Dungeon.
You worshipped Gozag.
Gozag was pleased with you.
You visited 3 branches of the dungeon, and saw 13 of its levels.
You also visited: Sewer and Ossuary.

You collected 2070 gold pieces.
You spent 1031 gold pieces at shops.
You paid 61 gold pieces to Gozag.

Inventory:

Hand Weapons
 n - a +1 spear of venom (weapon)
Missiles
 o - 2 curare-tipped darts
 x - 2 throwing nets
Armour
 a - a scarf of resistance (worn)
 b - the +1 robe of the Wilderness {Harm *Slow rF++ Archmagi}
   (You bought it in a shop on level 8 of the Dungeon)

   rF:        It greatly protects you from fire.
   *Slow:     It may slow you when you take damage.
   Harm:      It increases damage dealt and taken.
   Archmagi:  It increases the power of your magical spells.
 u - a +2 pair of gloves (worn)
 L - a +2 robe of fire resistance (worn)
Jewellery
 h - a ring of magical power (left hand)
 i - a +4 ring of evasion (right hand)
 M - a ring of poison resistance
Wands
 m - a wand of charming (19)
 t - a wand of polymorph (8)
 w - a wand of flame (28) (quivered)
 y - a wand of digging (4)
 D - a wand of paralysis (8)
Scrolls
 d - 2 scrolls of teleportation
 g - a scroll of brand weapon {unknown}
 k - a scroll of fog {unknown}
 l - a scroll of acquirement {unknown}
 q - 5 scrolls of enchant weapon
 A - a scroll of blinking {unknown}
 B - a scroll of immolation {unknown}
 E - 6 scrolls of amnesia
 F - a scroll of magic mapping {unknown}
 G - a scroll of summoning
 K - a scroll of vulnerability
Potions
 c - 9 potions of heal wounds
 e - 4 potions of attraction
 f - 2 potions of lignification
 j - 7 potions of curing
 r - 2 potions of ambrosia
 s - 5 potions of brilliance
 v - 2 potions of might
 z - 2 potions of haste
 C - 3 potions of resistance
 H - 2 potions of cancellation
 I - a potion of magic
 J - 2 potions of berserk rage
Miscellaneous
 p - a phantom mirror (inert)


   Skills:
 + Level 8.5 Fighting
 - Level 10.0 Dodging
 - Level 2.0 Stealth
 - Level 5.0 Spellcasting
 - Level 14.0 Summonings
 - Level 5.0 Evocations


You had 5 spell levels left.
You knew the following spells:

 Your Spells              Type           Power      Damage    Failure   Level
a - Summon Small Mammal   Summ           100%       N/A       1%          1
b - Call Imp              Summ           55%        N/A       1%          2
c - Call Canine Familiar  Summ           55%        N/A       1%          3
d - Shadow Creatures      Summ           N/A        N/A       6%          6
e - Summon Guardian Gole  Hex/Summ       31%        N/A       1%          3

Your spell library contained the following spells:

 Spells                   Type           Power      Damage    Failure   Level
 Summon Lightning Spire   Summ/Air       31%        N/A       7%          4
 Apportation              Tloc           8%         N/A       12%         1
 Freeze                   Ice            16%        1d4       12%         1
 Poisonous Vapours        Pois/Air       8%         N/A       19%         2
 Summon Forest            Summ/Tloc      15%        N/A       19%         5
 Summon Mana Viper        Hex/Summ       31%        N/A       19%         5
 Frozen Ramparts          Ice            8%         1d2       36%         3
 Gell's Gravitas          Tloc           2%         N/A       36%         3
 Lesser Beckoning         Tloc           2%         N/A       36%         3
 Mephitic Cloud           Conj/Pois/Air  4%         N/A       36%         3
 Teleport Other           Tloc           4%         N/A       36%         3
 Hailstorm                Conj/Ice       4%         3d4       77%         4
 Alistair's Intoxication  Tmut/Pois      2%         N/A       98%         5
 Fireball                 Conj/Fire      2%         3d4       98%         5
 Freezing Cloud           Conj/Ice/Air   2%         6-21      98%         5
 Invisibility             Hex            2%         N/A       100%        6
 Starburst                Conj/Fire      2%         8x6d3     100%        6
 Ignition                 Fire           2%         3d3       100%        8


Dungeon Overview and Level Annotations

Branches:
Dungeon (11/15)            Temple (1/1) D:5            Lair (1/6) D:8
  Sewer (visited)         Ossuary (visited)
    Orc: D:9-12

Altars:
Ashenzari
Cheibriados
Dithmenos
Elyvilon
Fedhas
Gozag
Hepliaklqana
Makhleb
Nemelex Xobeh
Okawaru
Sif Muna
Trog
Uskayaw
Vehumet
Xom
Yredelemnul
The Shining One

Shops:
D:4 :   D:6 *   D:8 (**=[

Annotations:
D:11 1 runed translucent door


Innate Abilities, Weirdness & Mutations

You have a beak for a mouth.
You have claws for feet.
Your magical nature lets you fly swiftly and evasively.


Message History

The fire dragon is engulfed in blazing flames.
The fire dragon breathes flames at you. The blast of flame hits you!
You resist.
* * * LOW HITPOINT WARNING * * *
The fire dragon is engulfed in blazing flames.
Your gnoll sergeant blocks the ice dragon's attack. x2
The ice dragon barely misses your gnoll sergeant.
Your gnoll sergeant hits the ice dragon but does no damage.
Unknown command.
Your wolf completely misses the fire dragon.
The fire dragon is engulfed in blazing flames.
Send 'em back where they came from!
Your gnoll sergeant shudders.
Your wolf shudders.
Your wolf barely misses the fire dragon.
The fire dragon breathes flames at you. The blast of flame misses you.
Your gnoll sergeant hits the fire dragon with a +2 antimagic spear!
Your surroundings seem slightly different.
Your wolf barely misses the fire dragon.
The fire dragon is engulfed in blazing flames.
Your gnoll sergeant barely misses the fire dragon.
The ice dragon is engulfed in blazing flames.
Unknown command.
Send 'em back where they came from!
Your gnoll sergeant dissolves into shadows!
Your wolf shudders.
The fire dragon is engulfed in blazing flames.
The ice dragon is engulfed in blazing flames.
Something closely misses your wolf. Something claws your wolf.
Your wolf dies!
Your wolf's corpse disappears in a puff of smoke!
The ice dragon is engulfed in blazing flames.
The fire dragon breathes flames at you.
The blast of flame hits the fire dragon.
The fire dragon resists.
The blast of flame hits you. You resist.
* * * LOW HITPOINT WARNING * * *
The fire dragon breathes flames at you. The blast of flame hits you!!
You resist.
You die...
Your body crumbles into a pile of gold.

.....#...[...#.......(.....<.....
.....####....#.....#..##..###....
#....#§≈#..⌠.#..#.#.......##.....
..##.#≈≈#..?.#..####........#....
..#..####'####...# #...##..###...
###......°○DD...####..###..# #...
# #......☼$.##D.# #...# ##.###...
###.....§§§.###.###...###..#.##..
##......)..##...@#...###.........
........X...........<.##...#.#...
..#...^......>#...#...######.....
#.#.......()..#.#####.## ##...#
.............#######...# #..##
....§.....#..# #.....# ##.#
..........#>.# #.#...# ###
##.#.........## #[...##
###.#....#...####..###


You could see 2 fire dragons.

Vanquished Creatures
  2 unseen horrors (D:10)
  2 trolls
  A hornet (D:10)
  2 yaks
  A steam dragon (D:10)
  3 water moccasins (Lair:1)
  2 orc warriors
  An ice beast (D:6)
  A sky beast (D:8)
  2 centaurs
  2 kobold brigands
  2 bullfrogs
  A water moccasin zombie (Ossuary)
  2 wights (D:9)
  2 howler monkeys
  4 electric eels (D:11)
  A centaur zombie (D:7)
  A bullfrog skeleton (D:6)
  A hound (D:5)
  An orc priest (D:11)
  A centaur skeleton (D:5)
  An orc wizard (D:6)
  A statue (D:7)
  A mummy (Ossuary)
  4 gnolls
  6 adders
  2 river rats (Sewer)
  A shadow imp (D:5)
  4 adder zombies (Ossuary)
  An adder skeleton (D:4)
  2 dart slugs
  A worm (D:3)
  17 orcs
  5 ball pythons
  3 endoplasms
  2 giant cockroaches
  2 gnoll zombies (Ossuary)
  3 goblins
  8 hobgoblins
  A jackal (D:1)
  2 quokkas
  5 bats
  A frilled lizard (D:2)
  14 kobolds
  2 orc zombies (Ossuary)
  17 rats
141 creatures vanquished.

Vanquished Creatures (collateral kills)
  A centaur warrior (D:11)
  3 two-headed ogres
  2 tengu warriors (D:11)
  An ugly thing (D:10)
  2 cyclopes (D:11)
  2 nameless horrors
  3 unseen horrors
  3 cane toads (Lair:1)
  An efreet (D:10)
  A komodo dragon (D:6)
  A troll (D:10)
  A hornet (D:8)
  2 shadows (D:10)
  A vampire (D:11)
  13 yaks
  A vampire mosquito (D:10)
  2 steam dragons
  An acid dragon (D:9)
  2 water moccasins (D:8)
  A necrophage (D:4)
  3 ogres
  2 black bears
  2 orc warriors
  An ice beast (D:7)
  A centaur (D:9)
  A phantom (D:5)
  The ghost of Hubris850 the Digger, an amateur GrEE (D:3)
  3 bullfrogs
  2 kobold brigands
  A gnoll sergeant (D:10)
  A scorpion (D:5)
  2 water moccasin zombies (Ossuary)
  A killer bee (D:10)
  8 wights
  An electric eel (D:11)
  A lava snake (D:8)
  3 centaur zombies
  A bullfrog skeleton (D:7)
  A gnoll shaman (D:6)
  3 jellies
  4 iguanas
  Terence (D:2)
  5 orc wizards
  A killer bee zombie (D:7)
  A mummy (Ossuary)
  8 gnolls
  3 river rats (Sewer)
  8 adders
  A shadow imp (D:6)
  3 white imps
  An ufetubus (D:4)
  4 adder zombies (Ossuary)
  3 worms
  A dart slug (D:1)
  10 orcs
  5 ball pythons
  4 endoplasms
  2 giant cockroaches
  A goblin (D:1)
  2 jackals (D:1)
  11 kobolds
  A quokka (D:5)
  2 bats (D:2)
  A frilled lizard (D:1)
  4 hobgoblin zombies (Ossuary)
  2 kobold zombies (Ossuary)
  3 orc zombies (Ossuary)
  9 rats
184 creatures vanquished.

Vanquished Creatures (others)
  An ice dragon (D:11)
  An acid dragon (D:10)
  A fungus (Lair:1)
  5 plants
8 creatures vanquished.

Grand Total: 333 creatures vanquished

Notes
Turn   | Place    | Note
-------+----------+-------------------------------------------
     0 | D:1      | mandarbmax the Tengu Summoner began the quest for the Orb.
     0 | D:1      | Reached XP level 1. HP: 10/10 MP: 4/4
   231 | D:1      | Reached skill level 5 in Summonings
   628 | D:1      | Found a faded altar of an unknown god.
   700 | D:1      | Reached XP level 2. HP: 13/15 MP: 3/6
   838 | D:1      | Learned a level 2 spell: Call Imp
  1623 | D:2      | Reached XP level 3. HP: 19/19 MP: 3/7
  1825 | D:2      | Reached skill level 6 in Summonings
  2183 | D:2      | Reached XP level 4. HP: 15/24 MP: 8/8
  2289 | D:2      | Noticed Terence
  2299 | D:2      | Killed Terence
  2524 | D:3      | Learned a level 3 spell: Call Canine Familiar
  2928 | D:3      | Noticed Hubris850's ghost (amateur GrEE)
  2929 | D:3      | Found a runed translucent door.
  3385 | D:3      | Killed Hubris850's ghost
  3386 | D:3      | Reached skill level 7 in Summonings
  3386 | D:3      | Gained mutation: Your magical nature lets you fly swiftly
                  | and evasively. [Tengu growth]
  3386 | D:3      | Reached XP level 5. HP: 28/28 MP: 3/10
  3877 | D:4      | Noticed an ogre
  3882 | D:4      | Noticed a black bear
  3888 | D:4      | Killed an ogre
  3892 | D:4      | Killed a black bear
  3893 | D:4      | Reached XP level 6. HP: 20/32 MP: 11/11
  3911 | D:4      | Found Qaam's Book Shoppe.
  4071 | D:4      | Noticed a necrophage
  4087 | D:4      | Killed a necrophage
  4088 | D:4      | Reached skill level 8 in Summonings
  4169 | D:4      | Found a glowing drain.
  4173 | Sewer    | Entered a sewer
  4361 | Sewer    | Reached XP level 7. HP: 17/36 MP: 13/13
  5782 | D:5      | Entered Level 5 of the Dungeon
  5957 | D:5      | Found a staircase to the Ecumenical Temple.
  5979 | Temple   | Entered the Ecumenical Temple
  5995 | Temple   | Became a worshipper of Gozag Ym Sagoz the Greedy
  6025 | D:5      | Reached skill level 9 in Summonings
  6910 | D:5      | Found a hide-covered altar of Uskayaw.
  6915 | D:5      | Found a shimmering blue altar of Sif Muna.
  6917 | D:5      | Found a hazy altar of Hepliaklqana.
  6917 | D:5      | Found a glowing golden altar of the Shining One.
  6920 | D:5      | Found a blossoming altar of Fedhas.
  6988 | D:5      | Reached XP level 8. HP: 41/41 MP: 15/15
  7044 | D:6      | Found a shimmering altar of Xom.
  7089 | D:6      | Found a sand-covered staircase.
  7096 | Ossuary  | Entered an ossuary
  7310 | Ossuary  | Reached skill level 10 in Summonings
  7324 | Ossuary  | Reached skill level 5 in Dodging
  8282 | D:6      | Found Iffyffo's General Store.
  8304 | D:6      | Bought a potion of heal wounds for 55 gold pieces
  8304 | D:6      | Bought a potion of resistance for 110 gold pieces
  8304 | D:6      | Bought 2 scrolls of amnesia for 77 gold pieces
  8768 | D:7      | Noticed a komodo dragon
  8945 | D:7      | Found a radiant altar of Vehumet.
  8978 | D:6      | Killed a komodo dragon
  8979 | D:6      | Reached skill level 1 in Fighting
  9888 | D:7      | Reached XP level 9. HP: 50/50 MP: 16/16
 10828 | D:8      | Found Plog's General Store.
 10834 | D:8      | Bought a phantom mirror for 480 gold pieces
 10865 | D:8      | Found a staircase to the Lair.
 10893 | D:8      | Found Osesenk's Antique Armour Emporium.
 10915 | D:8      | Found Cuagaumm's General Store.
 10995 | D:8      | Found Uffiryka's Antique Weapon Boutique.
 11392 | D:8      | Noticed a hornet
 11405 | D:8      | Killed a hornet
 11406 | D:8      | Reached skill level 1 in Evocations
 11691 | D:8      | Found Rabuwoizu's Jewellery Emporium.
 12113 | D:9      | Found a burning altar of Makhleb.
 12344 | D:9      | Reached skill level 5 in Fighting
 12841 | D:9      | Killed an unseen horror
 13403 | D:10     | Entered Level 10 of the Dungeon
 13403 | D:10     | Noticed a two-headed ogre
 13419 | D:10     | Killed a two-headed ogre
 13420 | D:10     | Reached XP level 10. HP: 55/60 MP: 8/17
 13495 | Lair:1   | Entered Level 1 of the Lair of Beasts
 13495 | Lair:1   | Noticed a cane toad
 13504 | Lair:1   | Killed a cane toad
 13572 | Lair:1   | Learned a level 6 spell: Shadow Creatures
 13960 | Lair:1   | Noticed a cane toad
 13971 | Lair:1   | Killed a cane toad
 13988 | Lair:1   | Noticed a nameless horror
 14067 | D:8      | Bought a runed scarf for 168 gold pieces
 14067 | D:8      | Bought a tattered robe for 119 gold pieces
 14067 | D:8      | Identified the +1 robe of the Wilderness {Harm *Slow rF++
                  | Archmagi} (You bought it in a shop on level 8 of the
                  | Dungeon)
 14229 | D:6      | Bought a scroll of identify for 22 gold pieces
 14591 | D:8      | Killed a nameless horror
 14976 | Lair:1   | Noticed a cane toad
 14984 | Lair:1   | Killed a cane toad
 14985 | Lair:1   | Reached skill level 10 in Dodging
 14994 | Lair:1   | Noticed a nameless horror
 15806 | D:10     | Reached skill level 5 in Evocations
 16141 | D:10     | Killed an unseen horror
 16142 | D:10     | Reached skill level 11 in Summonings
 16255 | D:10     | Killed an unseen horror
 16256 | D:10     | Reached skill level 12 in Summonings
 16481 | D:10     | Noticed a two-headed ogre
 16500 | D:10     | Killed a two-headed ogre
 16501 | D:10     | Reached XP level 11. HP: 30/67 MP: 17/18
 16738 | D:10     | Reached skill level 13 in Summonings
 17074 | D:10     | Noticed a white ugly thing
 17095 | D:10     | Killed a white ugly thing
 17812 | D:11     | Noticed a cyclops
 17820 | D:11     | Killed a cyclops
 18056 | D:11     | Noticed an ice dragon
 18057 | D:11     | Noticed a fire dragon
 18058 | D:11     | Found a runed translucent door.
 18058 | D:11     | Found a runed translucent door.
 18058 | D:11     | Noticed an ice dragon
 18059 | D:11     | Found the +2 shield of Resistance {rF++ rC++ Will++}
 18059 | D:11     | Noticed a fire dragon
 18112 | D:11     | Reached skill level 14 in Summonings
 18315 | D:11     | Noticed a tengu warrior
 18318 | D:11     | Noticed a tengu warrior
 18326 | D:11     | Killed a tengu warrior
 18352 | D:11     | Killed a tengu warrior
 18543 | D:11     | HP: 3/67 [electric eel/bolt of electricity (10)]
 18916 | D:11     | Noticed a cyclops
 18924 | D:11     | Killed a cyclops
 18925 | D:11     | Reached skill level 5 in Spellcasting
 19045 | D:11     | Noticed a two-headed ogre
 19056 | D:11     | Killed a two-headed ogre
 19244 | D:11     | Learned a level 3 spell: Summon Guardian Golem
 19446 | D:11     | Noticed a centaur warrior
 19462 | D:11     | Killed a centaur warrior
 19805 | D:11     | Noticed a nameless horror
 19806 | D:11     | Killed an ice dragon
 19816 | D:11     | Killed from afar by a fire dragon

Illustrated notes

Levels and vault maps discovered:
D:1:      minmay_arrival_widening_spiral_wide, layout_basic,
          ebering_ecumenical_altar_webs
D:2:      layout_rooms, kennysheep_generic_room_14, uniq_terence
D:3:      layout_basic, hellmonk_ghost_happy_afterlife
D:4:      layout_rooms, gup_sewer_entry_spiral, serial_shops,
          nicolae_square_shop
D:5:      layout_loops_ring, minitemple, minmay_temple_entry_slanted
D:6:      wander_river, layout_loops_ring, mainiacjoe_overflow_small_starburst,
          enter_ossuary_5, serial_shops, nicolae_shop_trees
D:7:      layout_rooms, vehumet_statue
D:8:      layout_cave_pods, lair_entry_dummy, serial_shops,
          nicolae_take_the_stairs, shop, shop, nicolae_shop_stone, shop,
          grunt_decor_junction
D:9:      layout_layer_cave, lemuel_round_altar, chequers_serial_rivers_large_b
D:10:     nzn_winding_woodlands_medium [nzn_winding_woodlands_5x5_default,
          nzn_winding_woodlands_5x15_river_crossing,
          nzn_winding_woodlands_5x5_closed_star,
          nzn_winding_woodlands_5x5_checkerboard,
          nzn_winding_woodlands_center_pierced_h,
          nzn_winding_woodlands_5x5_default, nzn_winding_woodlands_5x5_three,
          nzn_winding_woodlands_5x15_longhouse,
          nzn_winding_woodlands_5x5_open_star], layout_layer_cave, fountainhead,
          hangedman_abyss_or_decor_stagger
D:11:     layout_cave_pools, chequers_big_river,
          minmay_guarded_unrand_resistance
Temple:   zaba_magenta_temple
Lair:1:   layout_regular_city, minivault_26, st_stairs_7

Skill      XL: |  1  2  3  4  5  6  7  8  9 10 11 |
---------------+----------------------------------+-----
Summonings     | 5 6 7 8 9 10 12 14 | 14.0
Spellcasting   | 3 4 5 |  5.0
Dodging        | 3 4 7 9 10 | 10.0
Fighting       | 3 6 7 8 |  8.5
Evocations     | 3 5 |  5.0
Stealth        | |  2.0

Action                   |  1- 3 |  4- 6 |  7- 9 | 10-12 || total
-------------------------+-------+-------+-------+-------++-------
Melee: Short sword       |    62 |     4 |       |       ||    66
       Unarmed           |     5 |       |       |       ||     5
       Peck              |    11 |    14 |    46 |    39 ||   110
       Kick              |     8 |    26 |    72 |    52 ||   158
       Falchion          |       |    84 |   130 |       ||   214
       Spear             |       |       |   287 |   228 ||   515
 Cast: Summon Small Mamm |    54 |    16 |    35 |    22 ||   127
       Call Imp          |     6 |    23 |   121 |    65 ||   215
       Call Canine Famil |       |    11 |    55 |    49 ||   115
       Shadow Creatures  |       |       |       |    42 ||    42
       Summon Guardian G |       |       |       |     1 ||     1
Evoke: Wand              |       |       |     3 |    10 ||    13
       Phantom mirror    |       |       |     1 |       ||     1
  Use: Scroll            |       |     3 |    14 |     3 ||    20
       Potion            |       |       |     2 |     3 ||     5
 Stab: Sleeping          |     1 |     9 |    10 |       ||    20
       Distracted        |     1 |     1 |     6 |     6 ||    14
Armor: Robe              |     7 |     5 |    40 |    46 ||    98
Dodge: Dodged            |    63 |    87 |   413 |   275 ||   838
       Rpst.: Falchion   |       |    24 |    38 |       ||    62

Table legend: (Time is in decaauts)
 A = Elapsed time spent in this place.
 B = Non-inter-level travel time spent in this place.
 C = Inter-level travel time spent in this place.
 D = Time resting spent in this place.
 E = Time spent auto-exploring this place.
 F = Levels seen in this place.
 G = Mean time per level.
                   A        B        C        D        E       F      G
               +--------+--------+--------+--------+--------+-----+--------+
         Total |  19310 |  18864 |    446 |   5793 |   9533 |  15 | 1287.3 |
       Dungeon |  16294 |  15867 |    427 |   4496 |   8565 |  11 | 1481.3 |
        Temple |     27 |     17 |     10 |      0 |      9 |   1 |   27.0 |
          Lair |    895 |    887 |      8 |    433 |    208 |   1 |  895.0 |
         Sewer |   1434 |   1434 |      0 |    692 |    488 |   1 | 1434.0 |
       Ossuary |    658 |    658 |      0 |    171 |    262 |   1 |  658.0 |
               +--------+--------+--------+--------+--------+-----+--------+

Top non-repeatable levels by time:
    D:10: 2503 daAuts
    D:11: 2066 daAuts
     D:8: 1865 daAuts
     D:6: 1838 daAuts
     D:1: 1562 daAuts
   Sewer: 1434 daAuts
     D:9: 1391 daAuts
     D:3: 1318 daAuts
     D:7: 1190 daAuts
     D:5: 1149 daAuts
     D:2: 936 daAuts
  Lair:1: 895 daAuts
 Ossuary: 658 daAuts
     D:4: 471 daAuts
  Temple: 27 daAuts
